 Dungeon Crawl Stone Soup version 0.32-a0-799-g95e1662365 (webtiles) character file.

Game seed: 16409846310474488660

4923 ezpacito the Trooper (level 10, -4/77 HPs)
             Began as a Coglin Chaos Knight on Mar 21, 2024.
             Was a Plaything of Xom.
             Slain by a two-headed ogre
             ... wielding a +0 giant club
              (9 damage)
             ... on level 7 of the Dungeon.
             The game lasted 00:15:11 (8011 turns).

ezpacito the Trooper (Coglin Chaos Knight)          Turns: 8011, Time: 00:15:11

Health: -4/77      AC: 18    Str: 17    XL:     10   Next: 52%
Magic:  15/15      EV: 12    Int: 12    God:    Xom [...*..]
Gold:   436        SH:  0    Dex: 13    Spells: 7/15 levels left

rFire   . . .        a - +2 hand axe (chaos) {Jia}
rCold   + . .        d - +0 trident {Ilse}
rNeg    . . .        y - +0 swamp dragon scales
rPois   +            (helmet restricted)
rElec   .            c - +2 cloak {Will+}
rCorr   .            (no gloves)
SInv    .            b - +3 pair of mountain boots {steadfast, rC+}
Will    ++...        (amulet unavailable)
Stlth   ++           (ring unavailable)
HPRegen 0.32/turn    (ring unavailable)
MPRegen 0.14/turn    (no gizmo)

%: no passive effects
@: revved
A: off-hand wielding, slow wielding, warmup strikes, no jewellery, antennae 1,
iridescent scales 1, strong-willed 1
a: Invent Gizmo, Renounce Religion


You were on level 7 of the Dungeon.
You worshipped Xom.
You were a favourite toy of Xom.
You visited 2 branches of the dungeon, and saw 8 of its levels.
You also visited: Sewer.

You collected 436 gold pieces.

Inventory:

Hand Weapons
 a - a +2 hand axe of chaos (weapon) {Jia}
 d - a +0 trident (offhand) {Ilse}
 e - a +0 war axe
 q - a +3 battleaxe of freezing
Missiles
 k - 15 poisoned darts (quivered)
 v - 3 boomerangs
 w - 6 curare-tipped darts
Armour
 b - the +3 pair of mountain boots (worn) {steadfast, rC+}
   (You found it in a sewer)

   Steadfast: It prevents involuntary movement, except for blinking,
   teleportation, or banishment.
   rC+:       It protects you from cold.
 c - a +2 cloak of willpower (worn)
 i - a +1 plate armour of cold resistance
 l - a +0 helmet
 y - +0 swamp dragon scales (worn)
Magical Staves
 g - a staff of cold
Talismans
 o - a beast talisman
 r - a maw talisman
Wands
 p - a wand of polymorph (7)
 s - a wand of flame (17)
Scrolls
 h - a scroll of fog
 j - a scroll of amnesia
 m - a scroll of noise
 t - a scroll of teleportation
Potions
 n - 2 potions of magic
 x - a potion of enlightenment


   Skills:
 * Level 6.8 Fighting
 * Level 6.8(7.3) Axes
 + Level 3.8(5.5) Polearms
 * Level 5.8 Armour
 * Level 5.5 Dodging
 + Level 3.6 Stealth
 + Level 3.3 Spellcasting
 + Level 2.4 Translocations
 + Level 5.2 Evocations


You had 7 spell levels left.
You knew the following spells:

 Your Spells              Type           Power      Damage    Failure   Level
a - Lesser Beckoning      Tloc           14%        N/A       22%         2
b - Blink                 Tloc           14%        N/A       22%         2
c - Manifold Assault      Tloc           7%         N/A       83%         4

Your spell library contained the following spells:

 Spells                   Type           Power      Damage    Failure   Level
 Momentum Strike          Conj/Tloc      8%         3d8       36%         2
 Dispersal                Tloc           3%         N/A       100%        6
 Disjunction              Tloc           3%         N/A       100%        8


Dungeon Overview and Level Annotations

Branches:
Dungeon (7/15)             Temple (1/1) D:6           Sewer (visited)

Altars:
Ashenzari
Cheibriados
Dithmenos
Elyvilon
Fedhas
Gozag
Hepliaklqana
Kikubaaqudgha
Makhleb
Nemelex Xobeh
Okawaru
Qazlal
Ru
Sif Muna
Trog
Uskayaw
Vehumet
Xom
Yredelemnul
Zin
The Shining One

Shops:
D:7 :

Annotations:
D:3 2 transporters, 1 runed translucent door, Jigsaw's ghost, amateur GnDe
D:7 2 transporters, 2 runed translucent doors, adelrune's ghost, novice DsGl


Innate Abilities, Weirdness & Mutations

You can wield a second weapon in your off-hand.
It takes a long time for you to wield or remove held weapons.
Your first few attacks do less damage.
You cannot equip rings or amulets.
You have a pair of small antennae on your head.
You are partially covered in iridescent scales. (AC +2)
You are strong-willed. (Will+)


Message History

You take 5 damage, and have 61/77 hp.
You hit the two-headed ogre with your +0 trident.
The two-headed ogre is heavily wounded.
You barely miss the two-headed ogre with your +2 hand axe of chaos.
You hit the centaur but do no damage.
The centaur hits you but does no damage.
The centaur closely misses you.
The two-headed ogre hits you but does no damage.
The two-headed ogre hits you with a +0 giant club!
You take 7 damage, and have 54/77 hp.
You hit the two-headed ogre with your +2 hand axe of chaos.
The two-headed ogre is heavily wounded.
You hit the centaur with your +2 hand axe of chaos.
You puncture the two-headed ogre with your +0 trident!
The centaur misses you. The centaur barely misses you.
The centaur closely misses you. The centaur barely misses you.
You hit the two-headed ogre with your +0 trident.
The two-headed ogre is severely wounded.
You hit the two-headed ogre with your +2 hand axe of chaos.
You freeze the two-headed ogre. You hit the centaur but do no damage.
The two-headed ogre hits you with a +0 giant club!!
The two-headed ogre closely misses you. The centaur closely misses you.
The centaur kicks you but does no damage.
You take 18 damage, and have 37/77 hp.
MASSIVE DAMAGE!!
You hit the two-headed ogre but do no damage.
The two-headed ogre is severely wounded.
You hit the two-headed ogre with your +2 hand axe of chaos.
The two-headed ogre is poisoned.
You hit the centaur but do no damage.
The centaur blinks!
The two-headed ogre hits you with a +0 giant club! x2
* * * LOW HITPOINT WARNING * * *
You take 23 damage, and have 14/77 hp.
MASSIVE DAMAGE!!
You barely miss the two-headed ogre with your +2 hand axe of chaos.
The two-headed ogre is almost dead.
You barely miss the two-headed ogre with your +0 trident.
You kill the centaur!
The two-headed ogre hits you with a +0 giant club!
* * * LOW HITPOINT WARNING * * *
The two-headed ogre hits you with a +0 giant club!
You die...

#..... ############# #.....
#...........#### ##.....
#.#............# #######......
#...######..##.# #....##......
#..##))5.##§.§§#####....##......
#..#)####.#§.#§§§§§.....##.###..
#.†#5..#.##.§§.§§§§#....##)# #..
#.[#.#.##÷'.##'@##§.....##.# #..
#.)#.##.#####ߧOß##........# ###
#..##.#..# #ß..).ß#.....########
#...###### #$..).:#§.>.........#
#...###### #)..[.[#.##########..
#..##....# #ß....ß#.### ##.
#..#..#######ß..ß##...# ##
##.#)##.#.'.##++##....#
#.#)#(#.)#...........# ####


You could see a two-headed ogre (very poisoned).

Vanquished Creatures
  A two-headed ogre (D:7)
  Pikel (D:7)
  Maggie (D:7)
  Grinder (D:5)
  2 yaks (D:7)
  Eustachio (D:5)
  A warg (D:7)
  A water moccasin (D:7)
  A swamp drake (D:5)
  A black bear (D:7)
  An orc warrior (D:7)
  An ice beast (D:5)
  2 ogres (D:7)
  5 centaurs (D:7)
  A kobold brigand (D:7)
  3 bullfrogs
  Blork the orc (D:4)
  A scorpion (D:6)
  2 wights (D:7)
  2 vampire bats (D:6)
  2 electric eels (D:7)
  A bullfrog zombie (D:7)
  A jelly (D:5)
  5 orc priests
  Crazy Yiuf (D:4)
  4 hounds
  Jessica (D:2)
  Ijyb (D:4)
  5 iguanas
  5 orc wizards
  4 gnolls
  A howler monkey zombie (D:7)
  8 adders
  A shadow imp (D:7)
  2 white imps (D:7)
  4 ribbon worms
  14 dart slugs
  24 orcs
  3 bat skeletons (D:6)
  A bat zombie (D:6)
  22 endoplasms
  14 giant cockroaches
  11 goblins
  5 hobgoblins
  7 jackals
  13 kobolds
  A quokka (D:3)
  21 ball pythons
  7 bats
  7 frilled lizards
  9 rats
235 creatures vanquished.

Vanquished Creatures (collateral kills)
  A yak (D:7)
  A wight (D:7)
  A bombardier beetle (D:6)
  2 orcs (D:7)
  A bat zombie (D:6)
  An endoplasm (D:2)
7 creatures vanquished.

Vanquished Creatures (others)
  An eldritch tentacle (D:7)
  An orc (D:2)
2 creatures vanquished.

Grand Total: 244 creatures vanquished

Notes
Turn   | Place    | Note
-------+----------+-------------------------------------------
     0 | D:1      | ezpacito the Coglin Chaos Knight began the quest for the
                  | Orb.
     0 | D:1      | Reached XP level 1. HP: 18/18 MP: 1/1
     1 | D:1      | Found a runed translucent door.
    35 | D:1      | Reached skill level 1 in Dodging
    38 | D:1      | XOM: potion effect (haste)
    42 | D:1      | Reached XP level 2. HP: 14/24 MP: 2/2
    50 | D:1      | Found a faded altar of an unknown god.
   127 | D:1      | Reached XP level 3. HP: 28/29 MP: 3/3
   708 | D:1      | 1
   803 | D:2      | Reached XP level 4. HP: 35/35 MP: 4/4
   820 | D:2      | XOM: divination: magic mapping
   844 | D:2      | XOM: silly message
  1044 | D:2      | Noticed Jessica
  1049 | D:2      | Killed Jessica
  1050 | D:2      | Reached skill level 1 in Polearms
  1111 | D:2      | Reached XP level 5. HP: 33/41 MP: 6/6
  1145 | D:2      | XOM: silly message
  1420 | D:2      | XOM: silly message
  1431 | D:2      | XOM: silly message
  1438 | D:2      | Reached skill level 1 in Spellcasting
  1500 | D:3      | XOM: scenery: create altars
  1503 | D:3      | Reached skill level 1 in Stealth
  1538 | D:3      | Noticed Jigsaw's ghost (amateur GnDe)
  1551 | D:3      | Found a transporter.
  1672 | D:3      | XOM: 2-stop teleportation journey
  1700 | D:3      | Reached XP level 6. HP: 48/48 MP: 7/7
  1704 | D:3      | Found a transporter.
  1755 | D:3      | Found an iron altar of Okawaru.
  1758 | D:3      | Found a runed translucent door.
  1762 | D:3      | Found the +0 toga "Victory" {*Victory Clar}
  1950 | D:3      | XOM: noise
  2057 | D:3      | XOM: cloud trail
  2105 | D:3      | Reached skill level 1 in Evocations
  2121 | D:3      | Found a shadowy altar of Dithmenos.
  2163 | D:3      | Found a snail-covered altar of Cheibriados.
  2166 | D:3      | Found a broken altar of Ashenzari.
  2173 | D:3      | Found a hazy altar of Hepliaklqana.
  2534 | D:3      | XOM: god gift: 18 gold pieces
  2647 | D:4      | XOM: butterfly on damage
  2657 | D:3      | XOM: enchant monster (good)
  2807 | D:4      | Noticed Blork the orc
  2818 | D:4      | Killed Blork the orc
  2819 | D:4      | Reached XP level 7. HP: 21/54 MP: 9/9
  2932 | D:4      | Found a white marble altar of Elyvilon.
  3069 | D:4      | Found a runed translucent door.
  3070 | D:4      | Noticed Crazy Yiuf
  3117 | D:4      | Noticed Ijyb
  3157 | D:4      | XOM: silly message
  3170 | D:4      | Killed Ijyb
  3517 | D:4      | XOM: butterfly on damage
  3517 | D:4      | HP: 1/51 [Crazy Yiuf/+2 quarterstaff of chaos (5)]
  3527 | D:4      | Gained mutation: You are agile. (Dex +4, Str/Int -1)
                  | [potion of mutation]
  3527 | D:4      | Gained mutation: You are strong-willed. (Will+) [potion of
                  | mutation]
  3704 | D:4      | Killed Crazy Yiuf
  3853 | D:5      | Entered Level 5 of the Dungeon
  3853 | D:5      | Noticed Grinder
  3868 | D:5      | Killed Grinder
  3924 | D:5      | Found an opulent altar of Gozag.
  3940 | D:5      | Noticed Prince Ribbit
  3942 | D:5      | XOM: divination: detect items
  3950 | D:5      | XOM: enchant monster (good)
  3950 | D:5      | Noticed Eustachio
  3959 | D:5      | Prince Ribbit changed into Prince Ribbit the swamp drake
  3959 | D:5      | Noticed Prince Ribbit
  3959 | D:5      | XOM: polymorph Prince Ribbit -> Prince Ribbit the swamp
                  | drake
  3968 | D:5      | XOM: enchant monster (bad)
  3973 | D:5      | XOM: enchant monster (good)
  3980 | D:5      | Killed Prince Ribbit the swamp drake
  3981 | D:5      | Reached XP level 8. HP: 23/61 MP: 9/11
  3983 | D:5      | XOM: chaos cloud
  3999 | D:5      | Killed Eustachio
  4193 | D:5      | XOM: god gift: 63 gold pieces
  4238 | D:5      | XOM: give mutations
  4238 | D:5      | Gained mutation: You possess an exceptional clarity of
                  | mind. [Xom's mischief]
  4238 | D:5      | Lost mutation: You possess an exceptional clarity of mind.
                  | [Xom's mischief]
  4238 | D:5      | Lost mutation: You are agile. (Dex +4, Str/Int -1) [Xom's
                  | mischief]
  4244 | D:5      | Found a glowing drain.
  4261 | Sewer    | Entered a sewer
  4479 | Sewer    | XOM: noise
  4521 | Sewer    | Found the +3 pair of mountain boots {steadfast, rC+}
  4528 | Sewer    | XOM: fog
  4529 | Sewer    | Reached skill level 5 in Fighting
  4535 | Sewer    | Reached skill level 5 in Axes
  5455 | D:6      | Learned a level 2 spell: Blink
  5458 | D:6      | Learned a level 2 spell: Lesser Beckoning
  5463 | D:6      | Learned a level 4 spell: Manifold Assault
  5563 | D:6      | Identified the +1 long sword of Valour {antimagic, Dex+4}
  5578 | D:6      | Found a staircase to the Ecumenical Temple.
  5601 | Temple   | Entered the Ecumenical Temple
  5642 | D:6      | Found a hide-covered altar of Uskayaw.
  5838 | D:6      | Reached XP level 9. HP: 35/68 MP: 12/12
  5903 | D:6      | XOM: 9-stop teleportation journey
  6021 | D:6      | XOM: scenery: create altars
  6167 | D:6      | Found an ancient bone altar of Kikubaaqudgha.
  6276 | D:7      | Found Ifuhet's Book Shoppe.
  6295 | D:7      | Found a transporter.
  6320 | D:7      | Found a transporter.
  6323 | D:7      | XOM: cast spell 'Malign Gateway'
  6330 | D:7      | HP: 2/68 [electric eel/bolt of electricity (8)]
  6380 | D:6      | XOM: cloud trail
  6540 | D:7      | XOM: summons 7 friendly demons
  6549 | D:7      | Reached skill level 1 in Translocations
  6575 | D:7      | XOM: scenery: summon butterflies
  6717 | D:7      | Identified the +0 flail "Gec Seph" {flame, Dex+5}
  6818 | D:7      | XOM: fog
  6837 | D:7      | XOM: god gift: red potion {god gift}
  6864 | D:7      | Noticed an ancient zyme
  6876 | D:7      | Noticed adelrune's ghost (novice DsGl)
  6913 | D:7      | Noticed Maggie
  6924 | D:7      | Killed Maggie
  7141 | D:7      | Reached skill level 5 in Armour
  7235 | D:7      | Found a basalt altar of Yredelemnul.
  7235 | D:7      | XOM: scenery: create altars
  7241 | D:7      | XOM: summons 4 hostile demons
  7316 | D:7      | Noticed a two-headed ogre
  7317 | D:7      | Found a large runed translucent door.
  7318 | D:7      | Found a large runed translucent door.
  7319 | D:7      | Found a large runed translucent door.
  7319 | D:7      | Found a large runed translucent door.
  7319 | D:7      | Noticed Pikel
  7324 | D:7      | XOM: summons 4 friendly demons
  7336 | D:7      | Killed Pikel
  7337 | D:7      | Reached skill level 5 in Dodging
  7337 | D:7      | Reached XP level 10. HP: 73/77 MP: 14/14
  7369 | D:7      | XOM: scenery: summon butterflies
  7387 | D:7      | Reached skill level 5 in Evocations
  7552 | D:7      | Noticed a two-headed ogre
  7561 | D:7      | Killed a two-headed ogre
  7685 | D:7      | XOM: cloud trail
  7719 | D:7      | XOM: divination: detect items
  7721 | D:7      | XOM: confusion
  7729 | D:7      | XOM: summons friendly iron imp
  7954 | D:7      | XOM: give mutations
  7954 | D:7      | Gained mutation: You have a pair of small antennae on your
                  | head. [Xom's grace]
  7954 | D:7      | Gained mutation: You are partially covered in iridescent
                  | scales. (AC +2) [Xom's grace]
  8011 | D:7      | Slain by a two-headed ogre

Illustrated notes

#....###.###########.....)#
#....#...............###..###
#....#..#...................#
#....#......................##
###)##..###+#######'###......#
#.##..#..⌠...>...⌠..#...##.#
#.##..#......<......#...##.#
#.##..'⌠....###....⌠+...##.##
#.##..#.....†@).....#...##..##
#.##..#######†#######...###...
#.##..#.............#...# ###.
#.##..#.............#...# ##
#.##..#.............#...######
#.##..###############........#
#.##.............)....#.####..
#.##.#########...######.# ####
#.##÷##>............# #.# #...


Turn 708 on D:1: 1

Levels and vault maps discovered:
D:1:      dpeg_arrival_caged_fury, layout_basic, basic_ecumenical_altar
D:2:      layout_rooms, dreamdust_mushroom_princess, chequers_jeans,
          minmay_nonomino_d4, uniq_jessica
D:3:      layout_basic, nicolae_overflow_guarded_unrand_okawaru_victory,
          grunt_dithmenos_smoke_and_mirrors, grunt_temple_overflow_diamond,
          gammafunk_ghost_stat_death
D:4:      layout_cave_pools, elyvilon_altar_3, uniq_blork_the_orc,
          uniq_crazy_yiuf_cottage, uniq_ijyb
D:5:      layout_loops_corners, mainiacjoe_overflow_chevrons,
          cheibrodos_sewer_entry_bend, uniq_eustachio, uniq_grinder,
          uniq_prince_ribbit1
D:6:      layout_basic, mainiacjoe_overflow_concentric_impassable,
          kennysheep_vampire_church, minmay_temple_entry_gardened_gates
D:7:      layout_basic, lemuel_zombie_altar_yredelemnul, serial_shops,
          shop_statue, gammafunk_ghost_abyssal_escape, serial_bayou_ford_a,
          minmay_hollow_rounded_squares, uniq_pikel, uniq_maggie
Temple:   chequers_temple_sunken

Skill      XL: |  1  2  3  4  5  6  7  8  9 10 |
---------------+-------------------------------+-----
Dodging        | 1 2 3 4 5 |  5.5
Armour         | 2 3 4 5 |  5.8
Polearms       | 1 2 3 |  3.8
Spellcasting   | 1 2 3 |  3.3
Stealth        | 1 2 3 |  3.6
Evocations     | 1 2 3 4 5 |  5.2
Fighting       | 4 5 6 |  6.8
Axes           | 4 5 6 |  6.8
Translocations | 1 2 |  2.4

Action                     |  1- 3 |  4- 6 |  7- 9 | 10-12 || total
---------------------------+-------+-------+-------+-------++-------
  Melee: Hand axe          |    66 |   138 |   334 |    62 ||   600
         Dagger            |    60 |    50 |       |       ||   110
         Spear             |       |    90 |    68 |       ||   158
         Unarmed           |       |       |    31 |       ||    31
         Trident           |       |       |   294 |    71 ||   365
  Evoke: Wand              |       |       |    25 |       ||    25
    Use: Potion            |       |     4 |     7 |       ||    11
         Scroll            |       |     1 |     6 |     7 ||    14
   Stab: Sleeping          |     1 |     1 |       |       ||     2
         Confused          |     1 |     1 |     3 |     3 ||     8
         Held in net/web   |       |     1 |       |       ||     1
         Petrified         |       |       |    18 |       ||    18
         Petrifying        |       |       |     1 |       ||     1
         Paralysed         |       |       |     1 |     1 ||     2
         Invisible         |       |       |     1 |       ||     1
         Distracted        |       |       |       |     1 ||     1
 Armour: Leather armour    |    40 |    20 |       |       ||    60
         Chain mail        |       |   140 |   318 |       ||   458
         Skin              |       |       |    22 |       ||    22
         Swamp dragon scal |       |       |   133 |    92 ||   225
  Dodge: Dodged            |    41 |    70 |   256 |    56 ||   423

Table legend: (Time is in decaauts)
 A = Elapsed time spent in this place.
 B = Non-inter-level travel time spent in this place.
 C = Inter-level travel time spent in this place.
 D = Time resting spent in this place.
 E = Time spent auto-exploring this place.
 F = Levels seen in this place.
 G = Mean time per level.
                   A        B        C        D        E       F      G
               +--------+--------+--------+--------+--------+-----+--------+
         Total |   8120 |   7806 |    314 |    815 |   5201 |   9 |  902.2 |
       Dungeon |   7668 |   7355 |    313 |    815 |   5003 |   7 | 1095.4 |
        Temple |     28 |     28 |      0 |      0 |     27 |   1 |   28.0 |
         Sewer |    423 |    423 |      0 |      0 |    170 |   1 |  423.0 |
               +--------+--------+--------+--------+--------+-----+--------+

Top non-repeatable levels by time:
     D:7: 1574 daAuts
     D:3: 1418 daAuts
     D:5: 1241 daAuts
     D:6: 993 daAuts
     D:4: 964 daAuts
     D:1: 785 daAuts
     D:2: 692 daAuts
   Sewer: 423 daAuts
  Temple: 28 daAuts
